 Dungeon Crawl Stone Soup version 0.30-a0-168-g0b976cbdc4 (webtiles) character file.

Game seed: 9546041255464553968

3995 qw the Cleaver (level 10, -11/63 HPs)
             Began as a Gargoyle Fighter on Sept 29, 2022.
             Was a Priest of Okawaru.
             Mangled by a catoblepas (21 damage)
             ... on level 8 of the Dungeon.
             The game lasted 00:03:06 (7966 turns).

qw the Cleaver (Gargoyle Fighter)                   Turns: 7966, Time: 00:03:07

Health: -11/63     AC: 28    Str: 25    XL:     10   Next: 23%
Magic:  12/13      EV:  9    Int:  8    God:    Okawaru [***...]
Gold:   263        SH:  6    Dex:  9    Spells: 9/9 levels left

rFire   + . .      SeeInvis +    Y - +3 war axe (flame)
rCold   . . .      Faith    .    c - +0 buckler
rNeg    + + .      Spirit   .    b - +1 plate armour "Hihezont" {rPois rF+ rN+ Stlth+}
rPois   inf        Reflect  .    n - +1 helmet
rElec   +          Harm     .    h - +0 cloak
rCorr   .          Rampage  .    (no gloves)
Will    +....                    k - +0 pair of boots
Stlth   ..........               l - amulet "Luetufee" {Acrobat Slay+3}
HPRegen 0.20/turn                f - ring of see invisible
MPRegen 0.13/turn                j - ring of willpower

@: about to teleport, heroic
A: sickness immunity, AC +7, negative energy resistance 1, electricity
resistance, torment resistance 1, petrification resistance
a: Renounce Religion, Heroism


You were on level 8 of the Dungeon.
You worshipped Okawaru.
Okawaru was most pleased with you.
You visited 2 branches of the dungeon, and saw 9 of its levels.

You collected 510 gold pieces.
You spent 247 gold pieces at shops.


Innate Abilities, Weirdness & Mutations

You are immune to sickness and miasma.
Your stone body is resilient. (AC +7)
You are immune to poison.
You resist negative energy. (rN+)
You are resistant to electric shocks. (rElec)
You are resistant to unholy torment.
You are immune to petrification.


   Skills:
 - Level 7.1(12.1) Fighting
 - Level 10.1(15.1) Axes
 - Level 1.0(6.0) Throwing
 + Level 6.3(11.3) Armour
 - Level 2.2(7.2) Dodging
 - Level 4.4(9.4) Shields
 - Level 4.0 Invocations


You had 9 spell levels left.
You didn't know any spells.
Your spell library was empty.

Inventory:

Hand Weapons
 Y - a +3 war axe of flaming (weapon)
Missiles
 g - 2 boomerangs (quivered)
Armour
 b - the +1 plate armour "Hihezont" (worn) {rPois rF+ rN+ Stlth+}
   (You acquired it on level 3 of the Dungeon)

   rF:        It protects you from fire.
   rPois:     It protects you from poison.
   rN:        It protects you from negative energy.
   Stlth:     It makes you more stealthy.
 c - a +0 buckler (worn)
 h - a +0 cloak (worn)
 k - a +0 pair of boots (worn)
 n - a +1 helmet (worn)
Jewellery
 f - a ring of see invisible (left hand)
 j - a ring of willpower (right hand)
 l - the amulet "Luetufee" (around neck) {Acrobat Slay+3}
   (You found it on level 2 of the Dungeon)

   [amulet of the acrobat]

   It increases your evasion while moving and waiting.
   Slay:      It affects your accuracy & damage with ranged weapons and melee
   (+3).
 q - a +4 ring of slaying {mikee}
Scrolls
 a - 3 scrolls of identify
Potions
 d - 2 potions of might
 e - 10 potions of curing
 i - a potion of haste
 m - 3 potions of lignification
 o - a potion of resistance
 r - a potion of heal wounds {unknown}

Dungeon Overview and Level Annotations

Branches:
Dungeon (8/15)             Temple (1/1) D:4
   Lair: D:8-11

Altars:
Ashenzari
Cheibriados
Dithmenos
Elyvilon
Fedhas
Gozag
Hepliaklqana
Kikubaaqudgha
Makhleb
Nemelex Xobeh
Okawaru
Uskayaw
Vehumet
Wu Jian
Xom
Yredelemnul
The Shining One

Shops:
D:6 (!(

Annotations:
D:6 1 runed translucent door, Crazy Yiuf


Message History

The centaur warrior is severely wounded.
The centaur warrior hits you but does no damage.
The centaur warrior kicks you but does no damage.
The centaur warrior hits you but does no damage.
The centaur warrior kicks you but does no damage.
You slash the centaur warrior! You burn the centaur warrior.
You kill the centaur warrior!
Okawaru is honoured by your kill.
You hear a splash. x3
Your base Axes skill increases to level 10!
You start resting.
Magic restored.
You start resting.
You feel like a meek peon again.
A water moccasin comes into view.
7958 ||| INVOKING Heroism.
You gain the combat prowess of a mighty hero.
The water moccasin hisses angrily.
Throw: 3 boomerangs
Press: ? - help, Q - select action Shift-Dir - straight line, f - water moccasin You throw a boomerang.
The boomerang closely misses the water moccasin.
You slash the water moccasin! You burn the water moccasin.
The water moccasin is severely wounded.
The water moccasin bites you but does no damage.
A catoblepas comes into view.
The catoblepas bellows!
You slash the water moccasin! You burn the water moccasin.
You kill the water moccasin!
Okawaru accepts your kill.
You see here a water moccasin corpse.
The catoblepas gores you!
7965 ||| READING scroll of teleportation.
As you read the scroll of teleportation, it crumbles to dust.
You feel strangely unstable.
The catoblepas gores you but does no damage.
You slice the catoblepas!! You burn the catoblepas!
The catoblepas is moderately wounded.
The catoblepas gores you!!
You die...

..#....#.......# ...
...#.....
.......####.#... ...
#..###... ..........#.#
.. ....... .##.......# ~
~~ ~~#...##
.##...#.##~#######.
#~.....
####.....#~#.....'
#~###.. ##
#....#.~#.....# #~####.
.###......~# #.Y#
#~.#... .........#~#
#.@# #~.....
..##.##.##~####)%#
#~.....
..##.##.##~....).####
##+#~.....
..#......#)...)).)~~#
....~.....
..........~####).~8~#
....~...#. ..........~#
...~~~# #~.....
........)#~# #.........
#~....<
.......>.#~###.........
#~....#
..........~.......#..###
#~.....


You could see a catoblepas.

Vanquished Creatures
  A centaur warrior (D:8)
  Sigmund (D:6)
  A wyvern (D:6)
  A yak (D:8)
  A steam dragon (D:8)
  Menkaure (D:6)
  2 water moccasins (D:8)
  An orc warrior (D:7)
  3 ice beasts
  2 ogres
  4 kobold brigands
  3 bullfrogs
  2 necrophages
  3 scorpions
  A wight (D:8)
  2 killer bees (D:8)
  4 howler monkeys
  3 electric eels (D:6)
  2 jellies
  3 hounds
  5 orc priests
  Jessica (D:2)
  2 gnoll boudas
  3 orc wizards
  4 gnolls (D:3)
  13 adders
  3 white imps
  An ufetubus (D:6)
  2 worms (D:2)
  3 dart slugs
  33 orcs
  10 ball pythons
  9 endoplasms
  7 giant cockroaches
  4 goblins (D:4)
  5 hobgoblins
  A jackal (D:2)
  4 quokkas
  5 bats
  A frilled lizard (D:1)
  8 kobolds
  10 rats
175 creatures vanquished.

Vanquished Creatures (others)
  An orc (D:8)
  A fungus (D:2)
  A plant (D:2)
3 creatures vanquished.

Grand Total: 178 creatures vanquished

Notes
Turn   | Place    | Note
-------+----------+-------------------------------------------
     0 | D:1      | qw the Gargoyle Fighter began the quest for the Orb.
     0 | D:1      | Reached XP level 1. HP: 14/14 MP: 1/1
     0 | D:1      | 0 ||| qw: Version: 0.2-a-12-gaebbb33
     0 | D:1      | 0 ||| qw: Game counter: 1093
     0 | D:1      | 0 ||| qw: Always use a shield: true
     0 | D:1      | 0 ||| qw: God list: Okawaru
     0 | D:1      | 0 ||| qw: Allow faded altars: false
     0 | D:1      | 0 ||| qw: Do Orc after D:15 true
     0 | D:1      | 0 ||| qw: Do second Lair branch before Depths: true
     0 | D:1      | 0 ||| qw: Lair rune preference: random
     0 | D:1      | 0 ||| qw: Plans: Normal, Zot:1-4, God:TSO, Crypt, Tomb,
                  | Pan, Slime:5, Hells, Abyss, Orb
     0 | D:1      | 0 ||| PLANNING D:1-11
   138 | D:1      | Reached skill level 2 in Axes
   292 | D:1      | Reached XP level 2. HP: 19/19 MP: 2/2
   501 | D:1      | You fall into a shaft and drop 1 floor!
   507 | D:2      | 507 ||| UPGRADING to +0 cloak.
   512 | D:2      | 512 ||| UPGRADING to ring of see invisible.
   513 | D:2      | 513 ||| READING scroll labelled UTZEIS XUCUZA.
   514 | D:2      | 514 ||| READING scroll labelled RIMUTE VANT.
   522 | D:2      | 522 ||| FLEEEEING.
   523 | D:2      | 523 ||| STAIRDANCE
   558 | D:1      | 558 ||| Stepping ~*~*~tactically~*~*~ (stealth).
   730 | D:1      | Reached skill level 3 in Axes
   872 | D:2      | 872 ||| STAIRDANCE
   902 | D:2      | Noticed Jessica
   908 | D:2      | Reached XP level 3. HP: 20/23 MP: 3/3
   910 | D:2      | Killed Jessica
   911 | D:2      | Reached XP level 4. HP: 22/28 MP: 4/4
   922 | D:2      | 922 ||| FLEEEEING.
   923 | D:2      | 923 ||| FLEEEEING.
   924 | D:2      | 924 ||| FLEEEEING.
   925 | D:2      | 925 ||| FLEEEEING.
   926 | D:2      | 926 ||| STAIRDANCE
   974 | D:2      | Reached skill level 4 in Axes
   974 | D:2      | 974 ||| STAIRDANCE
  1515 | D:2      | 1515 ||| FLEEEEING.
  1516 | D:2      | 1516 ||| FLEEEEING.
  1517 | D:2      | 1517 ||| FLEEEEING.
  1519 | D:2      | 1519 ||| FLEEEEING.
  1520 | D:2      | 1520 ||| FLEEEEING.
  1521 | D:2      | 1521 ||| FLEEEEING.
  1522 | D:2      | 1522 ||| FLEEEEING.
  1525 | D:2      | 1525 ||| FLEEEEING.
  1526 | D:2      | 1526 ||| FLEEEEING.
  1527 | D:2      | 1527 ||| FLEEEEING.
  1528 | D:2      | 1528 ||| FLEEEEING.
  1529 | D:2      | 1529 ||| FLEEEEING.
  1530 | D:2      | 1530 ||| FLEEEEING.
  1531 | D:2      | 1531 ||| FLEEEEING.
  1648 | D:2      | Reached XP level 5. HP: 28/32 MP: 5/5
  1715 | D:2      | Identified the amulet "Luetufee" {Acrobat Slay+3}
  1779 | D:2      | 1779 ||| DROPPING +0 whip.
  1871 | D:2      | Found a faded altar of an unknown god.
  1997 | D:2      | 1997 ||| UPGRADING to +0 chain mail.
  2007 | D:2      | 2007 ||| DROPPING +0 scale mail.
  2008 | D:2      | 2008 ||| UPGRADING to amulet "Luetufee" {Acrobat Slay+3}.
  2013 | D:2      | 2013 ||| READING 4 scrolls labelled ENOORO GATI.
  2014 | D:2      | 2014 ||| READING scroll labelled JALEUP ZIKKA.
  2015 | D:2      | 2015 ||| READING scroll labelled ZOYTUQYOCK.
  2016 | D:2      | 2016 ||| READING 3 scrolls of identify.
  2016 | D:2      | 2016 ||| IDENTIFYING fuming green potion
  2017 | D:2      | 2017 ||| READING 2 scrolls of identify.
  2017 | D:2      | 2017 ||| IDENTIFYING sapphire potion
  2018 | D:2      | 2018 ||| DROPPING potion of invisibility.
  2019 | D:2      | 2019 ||| DROPPING potion of flight.
  2149 | D:3      | 2149 ||| Stepping ~*~*~tactically~*~*~ (hiding).
  2161 | D:3      | Reached skill level 5 in Axes
  2168 | D:3      | 2168 ||| Stepping ~*~*~tactically~*~*~ (stealth).
  2169 | D:3      | 2169 ||| FLEEEEING.
  2170 | D:3      | 2170 ||| FLEEEEING.
  2171 | D:3      | 2171 ||| FLEEEEING.
  2172 | D:3      | 2172 ||| FLEEEEING.
  2173 | D:3      | 2173 ||| FLEEEEING.
  2174 | D:3      | 2174 ||| FLEEEEING.
  2175 | D:3      | 2175 ||| FLEEEEING.
  2179 | D:3      | 2179 ||| FLEEEEING.
  2180 | D:3      | 2180 ||| FLEEEEING.
  2181 | D:3      | 2181 ||| FLEEEEING.
  2182 | D:3      | 2182 ||| FLEEEEING.
  2183 | D:3      | 2183 ||| FLEEEEING.
  2184 | D:3      | 2184 ||| FLEEEEING.
  2185 | D:3      | 2185 ||| FLEEEEING.
  2186 | D:3      | 2186 ||| FLEEEEING.
  2187 | D:3      | 2187 ||| FLEEEEING.
  2188 | D:3      | 2188 ||| FLEEEEING.
  2189 | D:3      | 2189 ||| FLEEEEING.
  2190 | D:3      | 2190 ||| FLEEEEING.
  2191 | D:3      | 2191 ||| FLEEEEING.
  2192 | D:3      | 2192 ||| FLEEEEING.
  2193 | D:3      | 2193 ||| FLEEEEING.
  2194 | D:3      | 2194 ||| FLEEEEING.
  2195 | D:3      | 2195 ||| FLEEEEING.
  2196 | D:3      | 2196 ||| FLEEEEING.
  2197 | D:3      | 2197 ||| FLEEEEING.
  2198 | D:3      | 2198 ||| FLEEEEING.
  2201 | D:3      | 2201 ||| FLEEEEING.
  2202 | D:3      | 2202 ||| FLEEEEING.
  2203 | D:3      | 2203 ||| FLEEEEING.
  2204 | D:3      | 2204 ||| FLEEEEING.
  2205 | D:3      | 2205 ||| FLEEEEING.
  2221 | D:3      | 2221 ||| FLEEEEING.
  2222 | D:3      | 2222 ||| FLEEEEING.
  2223 | D:3      | 2223 ||| FLEEEEING.
  2371 | D:3      | Identified the +1 quarterstaff of the Lumpy Xalams {vorpal,
                  | rPois rC+ Will- Dex+3}
  2372 | D:3      | 2372 ||| Stepping ~*~*~tactically~*~*~ (stealth).
  2373 | D:3      | 2373 ||| Stepping ~*~*~tactically~*~*~ (stealth).
  2385 | D:3      | 2385 ||| Stepping ~*~*~tactically~*~*~ (stealth).
  2388 | D:3      | 2388 ||| FLEEEEING.
  2389 | D:3      | 2389 ||| FLEEEEING.
  2485 | D:3      | Reached XP level 6. HP: 35/39 MP: 6/6
  2606 | D:3      | 2606 ||| Stepping ~*~*~tactically~*~*~ (stealth).
  2680 | D:3      | Found a broken altar of Ashenzari.
  2774 | D:3      | 2774 ||| UPGRADING to ring of willpower.
  2775 | D:3      | 2775 ||| READING scroll labelled NUHISU DEASTIMN.
  2775 | D:3      | Identified a scroll of acquirement
  2775 | D:3      | 2775 ||| ACQUIRING +1 plate armour "Hihezont" {rPois rF+
                  | rN+ Stlth+}
  2775 | D:3      | Acquired the +1 plate armour "Hihezont" {rPois rF+ rN+
                  | Stlth+}
  2777 | D:3      | 2777 ||| UPGRADING to +1 plate armour "Hihezont" {rPois rF+
                  | rN+ Stlth+}.
  2787 | D:3      | 2787 ||| DROPPING +0 chain mail.
  2788 | D:3      | 2788 ||| READING scroll labelled LOV TEROLUKHOC.
  2815 | D:4      | 2815 ||| Stepping ~*~*~tactically~*~*~ (stealth).
  2843 | D:4      | Identified the +6 spear of Wrath {vorpal, Int+2 Stlth+}
  2851 | D:4      | Identified the +4 spear of the Skies Above {flame, Int+3}
  3042 | D:4      | Found a staircase to the Ecumenical Temple.
  3043 | D:4      | 3043 ||| PLANNING TEMPLE
  3043 | D:4      | 3043 ||| READING scroll labelled JECLYUW YCOM.
  3044 | D:4      | 3044 ||| READING scroll labelled TILEBU DOM.
  3045 | D:4      | 3045 ||| DROPPING +0 flail.
  3046 | D:4      | 3046 ||| READING 2 scrolls of identify.
  3046 | D:4      | 3046 ||| IDENTIFYING golden potion
  3049 | D:4      | 3049 ||| FLEEEEING.
  3051 | D:4      | 3051 ||| FLEEEEING.
  3052 | D:4      | 3052 ||| FLEEEEING.
  3053 | D:4      | 3053 ||| FLEEEEING.
  3065 | D:4      | 3065 ||| FLEEEEING.
  3066 | D:4      | 3066 ||| FLEEEEING.
  3067 | D:4      | 3067 ||| FLEEEEING.
  3068 | D:4      | 3068 ||| FLEEEEING.
  3069 | D:4      | 3069 ||| FLEEEEING.
  3086 | D:4      | 3086 ||| FLEEEEING.
  3087 | D:4      | 3087 ||| FLEEEEING.
  3088 | D:4      | 3088 ||| FLEEEEING.
  3089 | D:4      | 3089 ||| FLEEEEING.
  3090 | D:4      | 3090 ||| FLEEEEING.
  3091 | D:4      | 3091 ||| FLEEEEING.
  3092 | D:4      | 3092 ||| FLEEEEING.
  3093 | D:4      | 3093 ||| FLEEEEING.
  3094 | D:4      | 3094 ||| FLEEEEING.
  3095 | D:4      | 3095 ||| FLEEEEING.
  3096 | D:4      | 3096 ||| FLEEEEING.
  3097 | D:4      | 3097 ||| FLEEEEING.
  3098 | D:4      | 3098 ||| FLEEEEING.
  3099 | D:4      | 3099 ||| FLEEEEING.
  3100 | D:4      | 3100 ||| FLEEEEING.
  3102 | D:4      | 3102 ||| FLEEEEING.
  3103 | D:4      | 3103 ||| FLEEEEING.
  3104 | D:4      | 3104 ||| FLEEEEING.
  3105 | D:4      | 3105 ||| FLEEEEING.
  3106 | D:4      | 3106 ||| FLEEEEING.
  3107 | D:4      | 3107 ||| FLEEEEING.
  3108 | D:4      | 3108 ||| FLEEEEING.
  3109 | D:4      | 3109 ||| FLEEEEING.
  3110 | D:4      | 3110 ||| FLEEEEING.
  3111 | D:4      | 3111 ||| FLEEEEING.
  3112 | D:4      | 3112 ||| FLEEEEING.
  3113 | D:4      | 3113 ||| FLEEEEING.
  3114 | D:4      | 3114 ||| FLEEEEING.
  3115 | D:4      | 3115 ||| FLEEEEING.
  3116 | D:4      | 3116 ||| FLEEEEING.
  3117 | D:4      | 3117 ||| FLEEEEING.
  3118 | D:4      | 3118 ||| FLEEEEING.
  3119 | D:4      | 3119 ||| FLEEEEING.
  3120 | D:4      | 3120 ||| FLEEEEING.
  3121 | D:4      | 3121 ||| FLEEEEING.
  3122 | D:4      | 3122 ||| FLEEEEING.
  3123 | D:4      | 3123 ||| FLEEEEING.
  3124 | D:4      | 3124 ||| FLEEEEING.
  3125 | D:4      | 3125 ||| FLEEEEING.
  3126 | D:4      | 3126 ||| FLEEEEING.
  3127 | D:4      | 3127 ||| FLEEEEING.
  3128 | D:4      | 3128 ||| FLEEEEING.
  3129 | D:4      | 3129 ||| FLEEEEING.
  3207 | Temple   | Entered the Ecumenical Temple
  3306 | Temple   | 3306 ||| PLANNING OKAWARU WORSHIP
  3332 | Temple   | Became a worshipper of Warmaster Okawaru
  3333 | Temple   | 3333 ||| PLANNING D:1-11
  3360 | D:4      | 3360 ||| Stepping ~*~*~tactically~*~*~ (stealth).
  3363 | D:4      | 3363 ||| Stepping ~*~*~tactically~*~*~ (stealth).
  3364 | D:4      | 3364 ||| Stepping ~*~*~tactically~*~*~ (stealth).
  3368 | D:4      | 3368 ||| Stepping ~*~*~tactically~*~*~ (stealth).
  3375 | D:4      | 3375 ||| Stepping ~*~*~tactically~*~*~ (hiding).
  3530 | D:4      | 3530 ||| Stepping ~*~*~tactically~*~*~ (stealth).
  3543 | D:4      | 3543 ||| Stepping ~*~*~tactically~*~*~ (stealth).
  3547 | D:4      | 3547 ||| Stepping ~*~*~tactically~*~*~ (stealth).
  3560 | D:4      | Reached skill level 6 in Axes
  3674 | D:4      | Reached XP level 7. HP: 39/44 MP: 7/7
  3954 | D:4      | Found a hide-covered altar of Uskayaw.
  4115 | D:5      | Entered Level 5 of the Dungeon
  4117 | D:5      | 4117 ||| Stepping ~*~*~tactically~*~*~ (hiding).
  4129 | D:5      | Found an ornate altar of the Wu Jian Council.
  4258 | D:5      | 4258 ||| READING scroll of enchant weapon.
  4258 | D:5      | 4258 ||| ENCHANTING +1 war axe of flaming.
  4558 | D:5      | Reached skill level 7 in Axes
  4790 | D:5      | 4790 ||| FLEEEEING.
  4791 | D:5      | 4791 ||| FLEEEEING.
  4792 | D:5      | 4792 ||| FLEEEEING.
  4793 | D:5      | 4793 ||| FLEEEEING.
  4795 | D:5      | 4795 ||| FLEEEEING.
  4796 | D:5      | 4796 ||| FLEEEEING.
  4797 | D:5      | 4797 ||| FLEEEEING.
  4798 | D:5      | 4798 ||| FLEEEEING.
  4799 | D:5      | 4799 ||| FLEEEEING.
  4801 | D:5      | 4801 ||| FLEEEEING.
  4802 | D:5      | 4802 ||| FLEEEEING.
  4803 | D:5      | 4803 ||| FLEEEEING.
  4806 | D:5      | 4806 ||| FLEEEEING.
  4808 | D:5      | 4808 ||| FLEEEEING.
  4809 | D:5      | 4809 ||| FLEEEEING.
  4810 | D:5      | 4810 ||| FLEEEEING.
  4811 | D:5      | 4811 ||| FLEEEEING.
  4812 | D:5      | 4812 ||| FLEEEEING.
  4815 | D:5      | 4815 ||| FLEEEEING.
  4816 | D:5      | 4816 ||| FLEEEEING.
  4817 | D:5      | 4817 ||| FLEEEEING.
  4818 | D:5      | 4818 ||| FLEEEEING.
  4819 | D:5      | 4819 ||| FLEEEEING.
  4820 | D:5      | 4820 ||| FLEEEEING.
  4821 | D:5      | 4821 ||| FLEEEEING.
  4824 | D:5      | 4824 ||| FLEEEEING.
  4825 | D:5      | 4825 ||| FLEEEEING.
  4826 | D:5      | 4826 ||| FLEEEEING.
  4827 | D:5      | 4827 ||| FLEEEEING.
  4828 | D:5      | 4828 ||| FLEEEEING.
  4829 | D:5      | 4829 ||| FLEEEEING.
  4833 | D:5      | 4833 ||| FLEEEEING.
  4834 | D:5      | 4834 ||| FLEEEEING.
  4835 | D:5      | 4835 ||| FLEEEEING.
  4836 | D:5      | 4836 ||| FLEEEEING.
  4837 | D:5      | 4837 ||| FLEEEEING.
  4838 | D:5      | 4838 ||| FLEEEEING.
  4839 | D:5      | 4839 ||| FLEEEEING.
  4841 | D:5      | 4841 ||| FLEEEEING.
  4842 | D:5      | 4842 ||| FLEEEEING.
  4843 | D:5      | 4843 ||| FLEEEEING.
  4844 | D:5      | 4844 ||| FLEEEEING.
  4845 | D:5      | 4845 ||| FLEEEEING.
  4846 | D:5      | 4846 ||| FLEEEEING.
  4847 | D:5      | 4847 ||| FLEEEEING.
  4848 | D:5      | 4848 ||| FLEEEEING.
  4853 | D:5      | 4853 ||| FLEEEEING.
  4854 | D:5      | 4854 ||| FLEEEEING.
  4855 | D:5      | 4855 ||| FLEEEEING.
  4856 | D:5      | 4856 ||| FLEEEEING.
  4857 | D:5      | 4857 ||| FLEEEEING.
  4858 | D:5      | 4858 ||| STAIRDANCE
  4971 | D:4      | 4971 ||| UPGRADING to +0 pair of boots.
  4976 | D:4      | 4976 ||| UPGRADING to +0 helmet.
  4981 | D:4      | 4981 ||| READING scroll labelled PUICIU FEPITO.
  4982 | D:4      | 4982 ||| READING 3 scrolls of identify.
  4982 | D:4      | 4982 ||| IDENTIFYING bubbling orange potion
  5266 | D:5      | 5266 ||| STAIRDANCE
  5270 | D:5      | 5270 ||| STAIRDANCE
  5274 | D:5      | 5274 ||| STAIRDANCE
  5278 | D:5      | 5278 ||| STAIRDANCE
  5282 | D:5      | 5282 ||| STAIRDANCE
  5286 | D:5      | 5286 ||| STAIRDANCE
  5290 | D:5      | 5290 ||| STAIRDANCE
  5294 | D:5      | 5294 ||| STAIRDANCE
  5298 | D:5      | 5298 ||| STAIRDANCE
  5302 | D:5      | 5302 ||| STAIRDANCE
  5306 | D:5      | 5306 ||| STAIRDANCE
  5310 | D:5      | 5310 ||| STAIRDANCE
  5314 | D:5      | 5314 ||| STAIRDANCE
  5318 | D:5      | 5318 ||| STAIRDANCE
  5322 | D:5      | 5322 ||| STAIRDANCE
  5326 | D:5      | 5326 ||| STAIRDANCE
  5330 | D:5      | 5330 ||| STAIRDANCE
  5334 | D:5      | 5334 ||| STAIRDANCE
  5338 | D:5      | 5338 ||| STAIRDANCE
  5443 | D:6      | Noticed a wyvern
  5448 | D:6      | Killed a wyvern
  5449 | D:6      | Reached XP level 8. HP: 51/51 MP: 8/8
  5459 | D:6      | Found Voschopo's Distillery.
  5459 | D:6      | Noticed Sigmund
  5467 | D:6      | Killed Sigmund
  5467 | D:6      | Reached * piety under Okawaru
  5485 | D:6      | 5485 ||| BUYING potion of curing (39 gold).
  5485 | D:6      | Bought a potion of curing for 39 gold pieces
  5485 | D:6      | 5485 ||| BUYING potion of curing (39 gold).
  5485 | D:6      | Bought a potion of curing for 39 gold pieces
  5485 | D:6      | 5485 ||| BUYING potion of curing (39 gold).
  5485 | D:6      | Bought a potion of curing for 39 gold pieces
  5485 | D:6      | 5485 ||| BUYING potion of lignification (39 gold).
  5485 | D:6      | Bought a potion of lignification for 39 gold pieces
  5485 | D:6      | 5485 ||| BUYING potion of lignification (39 gold).
  5485 | D:6      | Bought a potion of lignification for 39 gold pieces
  5485 | D:6      | 5485 ||| BUYING potion of might (52 gold).
  5485 | D:6      | Bought a potion of might for 52 gold pieces
  5498 | D:6      | 5498 ||| Stepping ~*~*~tactically~*~*~ (hiding).
  5499 | D:6      | 5499 ||| Stepping ~*~*~tactically~*~*~ (hiding).
  5504 | D:6      | 5504 ||| INVOKING Heroism.
  5549 | D:6      | 5549 ||| INVOKING Heroism.
  5555 | D:6      | Reached skill level 1 in Invocations
  5653 | D:6      | Found a shimmering altar of Xom.
  5774 | D:6      | Noticed Menkaure
  5775 | D:6      | 5775 ||| INVOKING Heroism.
  5778 | D:6      | Killed Menkaure
  5779 | D:6      | Reached skill level 3 in Invocations
  5809 | D:6      | Found Haleb's Antique Weapon Boutique.
  5816 | D:6      | 5816 ||| SHOPLISTING runed war axe (130 gold, have 88).
  5856 | D:6      | Found a runed translucent door.
  5857 | D:6      | Noticed Crazy Yiuf
  5890 | D:6      | Found Mat Qohu's Weapon Shoppe.
  5974 | D:6      | Reached skill level 1 in Throwing
  6120 | D:6      | Found an ancient bone altar of Kikubaaqudgha.
  6125 | D:6      | Found a burning altar of Makhleb.
  6275 | D:6      | 6275 ||| INVOKING Heroism.
  6710 | D:7      | 6710 ||| INVOKING Heroism.
  6713 | D:7      | 6713 ||| Stepping ~*~*~tactically~*~*~ (stealth).
  6722 | D:7      | Reached XP level 9. HP: 55/55 MP: 10/12
  6802 | D:7      | Found a snail-covered altar of Cheibriados.
  6821 | D:7      | 6821 ||| Stepping ~*~*~tactically~*~*~ (stealth).
  6825 | D:7      | 6825 ||| Stepping ~*~*~tactically~*~*~ (stealth).
  6827 | D:7      | 6827 ||| INVOKING Heroism.
  6883 | D:7      | Reached skill level 8 in Axes
  6905 | D:7      | 6905 ||| READING scroll of enchant weapon.
  6905 | D:7      | 6905 ||| ENCHANTING +2 war axe of flaming.
  6939 | D:7      | Reached ** piety under Okawaru
  6940 | D:7      | Reached skill level 6 in Fighting
  7013 | D:7      | 7013 ||| INVOKING Heroism.
  7157 | D:7      | Found a sparkling altar of Nemelex Xobeh.
  7290 | D:7      | 7290 ||| READING scroll labelled XOWOWN BUXZOPN.
  7291 | D:7      | 7291 ||| READING scroll labelled CIYPRE PUDE.
  7292 | D:7      | 7292 ||| DRINKING 2 cyan potions.
  7293 | D:7      | 7293 ||| READING 3 scrolls of identify.
  7293 | D:7      | 7293 ||| IDENTIFYING amethyst potion
  7294 | D:7      | 7294 ||| DROPPING potion of brilliance.
  7340 | D:8      | 7340 ||| Stepping ~*~*~tactically~*~*~ (hiding).
  7343 | D:8      | 7343 ||| Stepping ~*~*~tactically~*~*~ (hiding).
  7345 | D:8      | 7345 ||| Stepping ~*~*~tactically~*~*~ (hiding).
  7346 | D:8      | 7346 ||| Stepping ~*~*~tactically~*~*~ (hiding).
  7584 | D:8      | Reached skill level 9 in Axes
  7697 | D:8      | 7697 ||| Stepping ~*~*~tactically~*~*~ (hiding).
  7699 | D:8      | 7699 ||| INVOKING Heroism.
  7721 | D:8      | 7721 ||| READING scroll of enchant armour.
  7721 | D:8      | 7721 ||| ENCHANTING +0 helmet.
  7731 | D:8      | Reached skill level 6 in Armour
  7894 | D:8      | 7894 ||| Stepping ~*~*~tactically~*~*~ (stealth).
  7896 | D:8      | 7896 ||| INVOKING Heroism.
  7905 | D:8      | Reached *** piety under Okawaru
  7915 | D:8      | Reached XP level 10. HP: 48/63 MP: 13/13
  7921 | D:8      | Noticed a centaur warrior
  7922 | D:8      | 7922 ||| Stepping ~*~*~tactically~*~*~ (hiding).
  7923 | D:8      | 7923 ||| Stepping ~*~*~tactically~*~*~ (hiding).
  7924 | D:8      | 7924 ||| Stepping ~*~*~tactically~*~*~ (hiding).
  7925 | D:8      | 7925 ||| Stepping ~*~*~tactically~*~*~ (hiding).
  7926 | D:8      | 7926 ||| INVOKING Heroism.
  7932 | D:8      | Killed a centaur warrior
  7933 | D:8      | Reached skill level 10 in Axes
  7958 | D:8      | 7958 ||| INVOKING Heroism.
  7961 | D:8      | Noticed a catoblepas
  7964 | D:8      | HP: 10/63 [catoblepas (15)]
  7965 | D:8      | 7965 ||| READING scroll of teleportation.
  7966 | D:8      | Mangled by a catoblepas

Levels and vault maps discovered:
D:1:      dpeg_arrival_rhombus, layout_basic
D:2:      layout_loops_ring, shapermc_ecumenical_altar_acropolis,
          minmay_split_cup_large, uniq_jessica
D:3:      layout_loops_ring, cheibrodos_ashenzari_chains
D:4:      layout_basic, nicolae_overflow_hidden_temple,
          minmay_temple_entry_waves, minmay_quadrilaterals
D:5:      layout_gridville, mainiacjoe_overflow_cross_hatched
D:6:      layout_loops_corners, mainiacjoe_overflow_paths, minitemple,
          serial_shops, shop, nicolae_shop_crystal, shop,
          kennysheep_big_empty_room, uniq_menkaure, uniq_crazy_yiuf_cottage,
          uniq_sigmund
D:7:      layout_basic, old_standard_altar, nemelex_dance_club_becter
D:8:      cheibrodos_ideogram_h, layout_cave_pools, zin_scriptorium
Temple:   nicolae_temple_figure_zero

Skill      XL: |  1  2  3  4  5  6  7  8  9 10 |
---------------+-------------------------------+-----
Axes           | 2 3 4 5 6 7 9 10 | 10.1
Fighting       | 4 5 7 |  7.1
Armour         | 4 5 6 |  6.3
Dodging        | 2 |  2.2
Invocations    | 4 |  4.0
Throwing       | 1 |  1.0
Shields        | 4 |  4.4

Action                   |  1- 3 |  4- 6 |  7- 9 | 10-12 || total
-------------------------+-------+-------+-------+-------++-------
Melee: War axe           |    48 |   170 |   168 |    10 ||   396
Throw: Boomerang         |       |    21 |    48 |     3 ||    72
Invok: Heroism           |       |       |     9 |     2 ||    11
  Use: Scroll            |     2 |    10 |     8 |     1 ||    21
       Potion            |       |       |     1 |       ||     1
Armor: Scale mail        |    21 |    68 |       |       ||    89
       Chain mail        |       |    11 |       |       ||    11
       Plate armour      |       |    19 |    75 |     8 ||   102
Dodge: Dodged            |    20 |    71 |    49 |     3 ||   143
Block: Buckler           |     4 |    29 |    32 |     2 ||    67

Table legend:
 A = Non-vault XP
 B = Vault XP
 C = Vault XP percentage of total XP
 D = Non-vault monster count
 E = Vault monster count
 F = Vault count percentage of total count
                 A         B        C        D         E       F
            +---------+---------+-------+---------+---------+-------
      Total |    2710 |    2998 |  52.5 |     138 |      37 |  21.1
            +---------+---------+-------+---------+---------+-------
        D:1 |      30 |       0 |   0.0 |      20 |       0 |   0.0
        D:2 |     113 |      44 |  28.0 |      25 |       5 |  16.7
        D:3 |     166 |       0 |   0.0 |      14 |       0 |   0.0
        D:4 |     235 |      59 |  20.1 |      19 |       6 |  24.0
        D:5 |     455 |       0 |   0.0 |      20 |       0 |   0.0
        D:6 |     724 |     422 |  36.8 |      15 |       2 |  11.8
        D:7 |     591 |     120 |  16.9 |      16 |       2 |  11.1
        D:8 |     396 |    2353 |  85.6 |       9 |      22 |  71.0
            +---------+---------+-------+---------+---------+-------
